Map: Last Fantasy LE

Players

Imperius - Winner!

  • Race: Terran Terran
  • Spawn Location: 3:00

VOD

Have the link to the VOD?

Description

Time

  • Played on: May 2, 2025, 1:58 a.m.
  • Length: 14:22
Show
View Real Time Build Order
Export as new Build Order

Imperius Terran - Winner!

Build Orders:  

Get SALT Encoding   

  12  0:00  SCV  
  13  0:31  SCV  
  13  0:34  Supply Depot  
  14  0:42  Refinery  
  14  0:48  SCV  
  15  1:04  SCV  
  16  1:16  Barracks  
  16  1:21  SCV  
  17  1:38  SCV  
  18  1:51  Refinery  
  18  1:55  SCV  
  19  2:12  SCV  
  20  2:25  Supply Depot  
  20  2:29  SCV  
  21  2:46  Barracks Reactor, SCV  
  22  3:03  SCV  
  23  3:16  Command Center  
  23  3:20  SCV  
  24  3:34  Factory  
  24  3:38  Marine  
  24  3:39  Marine  
  26  4:03  Marine  
  26  4:04  Marine  
  28  4:28  Marine x2  
  30  4:44  Factory Tech Lab  
  30  4:53  Marine, Supply Depot  
  30  4:56  Marine  
  30  4:58  Orbital Command  
  32  5:06  SCV  
  33  5:18  Marine  
  34  5:20  Siege Tank  
  34  5:21  Marine  
  34  5:23  SCV  
  39  5:40  SCV  
  39  5:42  Starport  
  39  5:43  Marine  
  39  5:46  Marine  
  42  5:57  SCV x2  
  44  6:06  Siege Tank  
  44  6:08  Marine  
  48  6:11  Marine  
  48  6:13  SCV  
  48  6:14  SCV  
  51  6:30  SCV  
  51  6:31  SCV  
  53  6:45  Supply Depot  
  53  6:47  SCV  
  54  6:57  Refinery  
  54  7:06  Supply Depot  
  54  7:16  Medivac, Siege Tank  
  59  7:24  Supply Depot  
  59  7:29  Marine x2  
  61  7:37  SCV  
  62  7:41  SCV  
  63  7:54  Marine x2  
  63  7:57  Medivac  
  67  8:00  Siege Tank, Barracks  
  67  8:08  Barracks  
  70  8:19  Marine x2  
  72  8:44  Marine  
  73  8:54  Marine  
  74  9:01  Siege Tank  
  74  9:09  Marine  
  78  10:04  Siege Tank x2  
  78  10:36  Marine x3  
  78  10:39  Siege Tank  
  78  12:05  Siege Tank  
  78  12:14  SCV  
  78  12:24  Marine  
  78  12:25  Marine  
  78  12:36  Viking, Marine  
  78  12:39  SCV  
  78  12:41  Siege Tank, Marine  
  78  13:15  Supply Depot  
  78  13:45  Marine x4, SCV x2  
Tags
 
Add a new tag
Caveats
  • Supply blocks, unpowered buildings, or Contaminate may cause inaccurate times.
  • Supply counts are checked every 10 seconds.